 Dungeon Crawl Stone Soup version 0.26-a0-812-g31a745ddcd (webtiles) character file.

Game seed: 11255144846917746246

47 Lanoc the Digger (level 3, 0/24 HPs)
             Began as a Human Earth Elementalist on Dec 2, 2020.
             Was an Initiate of Ashenzari.
             Slain by an iguana (8 damage)
             ... on level 4 of the Dungeon.
             The game lasted 00:04:14 (2176 turns).

Lanoc the Digger (Human Earth Elementalist)         Turns: 2176, Time: 00:04:15

Health: 0/24       AC:  7    Str:  8    XL:     3   Next: 97%
Magic:  0/6        EV: 17    Int: 16    God:    Ashenzari [......]
Gold:   133        SH:  0    Dex: 13    Spells: 5/6 levels left

rFire    . . .     SeeInvis .   (no weapon)
rCold    . . .     Faith    .   (no shield)
rNeg     . . .     Spirit   .   c - +0 robe
rPois    .         Reflect  .   j - +1 helmet
rElec    .         Harm     .   (no cloak)
rCorr    .         Rampage  .   e - +2 pair of gloves
MR       .....                  (no boots)
Stlth    ++........             (no amulet)
HPRegen  0.08/turn              l - +4 ring of evasion
MPRegen  0.10/turn              (no ring)

@: no status effects
A: no striking features
a: Curse Item, Renounce Religion


You were on level 4 of the Dungeon.
You worshipped Ashenzari.
Ashenzari was noncommittal.
You visited 2 branches of the dungeon, and saw 5 of its levels.

You collected 133 gold pieces.

Inventory:

Missiles
 b - 57 stones (quivered)
Armour
 c - a +0 robe (worn)
 e - a +2 pair of gloves (worn)
 j - a +1 helmet (worn)
Jewellery
 l - a +4 ring of evasion (left hand)
Scrolls
 a - 4 scrolls of teleportation {unknown}
 f - 2 scrolls of blinking {unknown}
 g - a scroll of fog {unknown}
 h - a scroll of magic mapping {unknown}
 k - a scroll of identify {unknown}
 n - a scroll of enchant weapon {unknown}
Potions
 d - a potion of ambrosia {unknown}
 i - a potion of attraction {unknown}
 m - 2 potions of invisibility {unknown}


   Skills:
 + Level 2.7 Dodging
 - Level 2.0 Stealth
 - Level 2.0 Spellcasting
   Level 1.0 Transmutations
 * Level 4.1 Earth Magic


You had 5 spell levels left.
You knew the following spells:

 Your Spells              Type           Power        Failure   Level
a - Sandblast             Erth           ##....       3%          1

Your spell library contained the following spells:

 Spells                   Type           Power        Failure   Level
 Passwall                 Tmut/Erth      #.......     11%         2
 Stone Arrow              Conj/Erth      #.....       26%         3
 Petrify                  Tmut/Erth      #.......     58%         4
 Lee's Rapid Deconstruct  Erth           ##........   71%         5


Dungeon Overview and Level Annotations

Branches:
Dungeon (4/15)             Temple (1/1) D:4

Altars:
Ashenzari
Dithmenos
Gozag
Makhleb
Nemelex Xobeh
Okawaru
Sif Muna
Trog
Xom
Yredelemnul
Zin
The Shining One

Shops:
D:2 *


Message History

The iguana bites you but does no damage.
Casting: Sandblast (safe; 3% risk of failure)
Confirm with . or Enter, or press ? or * to list all spells.
Aiming: Sandblast (safe; 3% risk of failure)
Press: ? - help, Shift-Dir - straight line, f/p - iguana
Aim: an iguana (severely wounded)
The blast of sand hits the iguana.
The iguana is severely wounded.
b - 58 stones The iguana bites you but does no damage.
Casting: Sandblast (safe; 3% risk of failure)
Confirm with . or Enter, or press ? or * to list all spells.
Aiming: Sandblast (safe; 3% risk of failure)
Press: ? - help, Shift-Dir - straight line, f/p - iguana
Aim: an iguana (severely wounded)
The blast of sand hits the iguana but does no damage.
The iguana is severely wounded.
b - 57 stones The iguana bites you!
You die...

.#.##.#.##.#.#
......#....#.#
#.#.#...#....#####
..#.#.>.#.##..##..
#.............##.#
#....#.#.#....##.#
..##.#.#.#.#...#.#
...........#...#.#
.#.#.##.#......#@#
.#.#....#.##...#l#
......oo..o....#o#
###..>#.#.##...#o#
#...#.#.#.##...#o#
#.#.#.#.#.##.o...#
#.#.#.#...###+####
#.#.#.#####
#.#o#..


You could see an iguana, an orc wizard (fast) and 2 orcs.

Vanquished Creatures
  3 worms (D:3)
  2 dart slugs (D:3)
  A leopard gecko (D:2)
  2 ball pythons (D:3)
  3 giant cockroaches
  5 goblins
  5 hobgoblins
  3 kobolds
  A quokka (D:3)
  A bat (D:3)
  A frilled lizard (D:3)
  3 rats (D:3)
30 creatures vanquished.

Notes
Turn   | Place    | Note
-------+----------+-------------------------------------------
     0 | D:1      | Lanoc the Human Earth Elementalist began the quest for the
                  | Orb.
     0 | D:1      | Reached XP level 1. HP: 13/13 MP: 3/3
    11 | D:1      | Noticed a minotaur skeleton
   377 | D:2      | Found Zin's Purification Station.
   377 | D:2      | Found a glowing silver altar of Zin.
   386 | D:2      | Reached XP level 2. HP: 16/19 MP: 5/5
   846 | D:3      | Reached XP level 3. HP: 24/24 MP: 4/6
  1053 | D:3      | Noticed a moth of wrath
  1056 | D:3      | Found a bloodstained altar of Trog.
  1235 | D:3      | Reached skill level 4 in Earth Magic
  1778 | D:4      | Found a staircase to the Ecumenical Temple.
  1784 | Temple   | Entered the Ecumenical Temple
  2010 | Temple   | Became a worshipper of Ashenzari the Shackled
  2176 | D:4      | Slain by an iguana

Illustrated notes

Levels and vault maps discovered:
D:1:      shiori_arrival_whats_in_store_for_you, layout_loops_corners,
          serial_glass, glass_columns_a, glass_columns_a, grunt_decor_junction
D:2:      layout_basic, zin_purify, lightli_corner_chamber, uniq_terence
D:3:      layout_loops_cross, tgw_trog, serial_glass, glass_columns_a,
          glass_columns_b, glass_columns_b, glass_columns_a, glass_columns_c,
          glass_columns_a
D:4:      layout_basic, grunt_temple_overflow_open, minmay_temple_entry_ruins
Temple:   jpeg_temple_alley_garden

Skill      XL: |  1  2  3 |
---------------+----------+-----
Earth Magic    | 4 |  4.1
Dodging        | |  2.7
Stealth        | |  2.0
Spellcasting   | |  2.0
Transmutations | |  1.0

Action                   || total
-------------------------++-------
Melee: Unarmed           ||   119
Throw: Dart              ||     1
 Cast: Sandblast         ||    58
 Stab: Sleeping          ||     1
Armor: Robe              ||    32
Dodge: Dodged            ||   107

Table legend: (Time is in decaauts)
 A = Elapsed time spent in this place.
 B = Non-inter-level travel time spent in this place.
 C = Inter-level travel time spent in this place.
 D = Time resting spent in this place.
 E = Time spent auto-exploring this place.
 F = Levels seen in this place.
 G = Mean time per level.
                   A        B        C        D        E       F      G
               +--------+--------+--------+--------+--------+-----+--------+
         Total |   2175 |   2053 |    122 |    244 |   1211 |   5 |  435.0 |
       Dungeon |   1911 |   1876 |     35 |    244 |   1043 |   4 |  477.8 |
        Temple |    263 |    176 |     87 |      0 |    168 |   1 |  263.0 |
               +--------+--------+--------+--------+--------+-----+--------+

Top non-repeatable levels by time:
     D:3: 1206 daAuts
     D:1: 325 daAuts
  Temple: 263 daAuts
     D:2: 215 daAuts
     D:4: 164 daAuts
